 Dungeon Crawl Stone Soup version 0.27-a0-1302-g7736ffe575 (webtiles) character file.

Game seed: 15468442334241846126

100 Froggeryz the Chopper (level 4, 0/37 HPs)
             Began as a Palentonga Abyssal Knight on June 18, 2021.
             Was a Follower of Lugonu.
             Killed by nerve-wracking pain
             ... invoked by Grinder
              (7 damage)
             ... on level 3 of the Dungeon.
             The game lasted 00:01:59 (2437 turns).

Froggeryz the Chopper (Palentonga Abyssal Knight)   Turns: 2437, Time: 00:01:59

Health: 0/37       AC:  6    Str: 17    XL:     4   Next: 46%
Magic:  5/5        EV: 12    Int: 12    God:    Lugonu [*.....]
Gold:   132        SH:  0    Dex:  9    Spells: 3/3 levels left

rFire    + . .     SeeInvis +   a - +1 hand axe
rCold    . . .     Faith    .   (no shield)
rNeg     . . .     Spirit   .   h - +0 ring mail
rPois    .         Reflect  .   (no helmet)
rElec    .         Harm     .   (no cloak)
rCorr    .         Rampage  .   (no gloves)
Will     .....                  (no barding)
Stlth    ..........             (no amulet)
HPRegen  0.12/turn              f - +4 ring of evasion
MPRegen  0.09/turn              i - ring of protection from fire

@: attractive
A: large, rugged brown scales 3, see invisible, deformed body, roll 1, armoured
tail
a: Rolling Charge, Renounce Religion, Depart the Abyss


You were on level 3 of the Dungeon.
You worshipped Lugonu.
Lugonu was aware of your devotion.
You visited 1 branch of the dungeon, and saw 3 of its levels.
You visited the Abyss 1 time.

You collected 132 gold pieces.

Inventory:

Hand Weapons
 a - a +1 hand axe (weapon)
Armour
 h - a +0 ring mail (worn)
Jewellery
 f - a +4 ring of evasion (left hand)
 i - a ring of protection from fire (right hand)
 m - a ring of protection from fire
Wands
 k - a wand of flame (14)
Scrolls
 b - 2 scrolls of identify {unknown}
 g - a scroll of enchant armour {unknown}
 j - a scroll of vulnerability {unknown}
Potions
 c - a potion of curing {unknown}
 d - 2 potions of attraction
 e - 2 potions of lignification {unknown}
 l - 2 potions of heal wounds {unknown}
 n - a potion of brilliance {unknown}
 o - a potion of ambrosia {unknown}


   Skills:
 - Level 3.0 Fighting
 * Level 4.1 Axes
 + Level 2.5 Armour
 - Level 0.7 Dodging
 - Level 2.0 Invocations


You had 3 spell levels left.
You didn't know any spells.
Your spell library was empty.

Dungeon Overview and Level Annotations

Branches:
Dungeon (3/15)

Altars:
Dithmenos
Nemelex Xobeh

Annotations:
D:3 Grinder


Innate Abilities, Weirdness & Mutations

You are completely covered in rugged brown scales. (AC +3, +7% HP)
You have supernaturally acute eyesight. (SInv)
Armour fits poorly on your strangely shaped body.
You can roll at nearby foes to attack.
You have a long armoured tail.


Message History

The goblin barely misses you.
You hit the goblin.
You kill the goblin!
Lugonu accepts your kill. The ball python barely misses you.
Found a stone staircase leading down.
You see here a +0 dagger.
You hit the ball python.
You kill the ball python!
Lugonu accepts your kill.
Key pressed, stopping explore.
No target in view!
Found a stone staircase leading down.
There is a stone staircase leading down here.
Grinder comes into view.
Grinder shouts!
Grinder gestures at you. Pain shoots through your body!
Grinder gestures at you. You resist with significant effort.
Grinder is nearby!
Grinder barely misses you.
You slash Grinder!
Grinder is lightly wounded.
Grinder hits you.
You hit Grinder but do no damage.
Grinder is lightly wounded.
Grinder closely misses you.
You hit Grinder.
Grinder is moderately wounded.
Grinder hits you.
You writhe in agony.
You slash Grinder!
Grinder is heavily wounded.
Grinder hits you. Grinder hits you!
You writhe in agony.
* * * LOW HITPOINT WARNING * * *
It was a potion of attraction.
You feel attractive to monsters. Grinder gestures at you.
Pain shoots through your body!
You die...

...# ..........# ..# ..
#.## ....###... .# .#
..#. ##... ##.. # #..
...##..# ##. #...# ###
.....## ...###..)
#....####### ##.......
#.........# .........
#.........# .....(.#
####..@5...... .†.....##
#....####....#
.....#......###.>...####
.......#### #.#####
#..##...### ##.#
..........####..#
................###.
.......##.#...........
........(.............


You could see Grinder.

Vanquished Creatures
  Jessica (D:2)
  2 adders (D:3)
  A dart slug (D:3)
  7 ball pythons
  6 endoplasms
  5 giant cockroaches
  6 goblins
  5 hobgoblins
  2 jackals (D:2)
  4 quokkas (D:1)
  3 frilled lizards (D:2)
  4 kobolds
  2 rats
48 creatures vanquished.

Notes
Turn   | Place    | Note
-------+----------+-------------------------------------------
     0 | Abyss:1  | Froggeryz the Palentonga Abyssal Knight began the quest for
                  | the Orb.
     0 | Abyss:1  | Reached XP level 1. HP: 19/19 MP: 2/2
    46 | Abyss:1  | Noticed a large abomination
    52 | Abyss:1  | Noticed a wraith
    53 | D:1      | Escaped the Abyss
   464 | D:1      | Reached XP level 2. HP: 25/25 MP: 3/3
   732 | D:1      | Reached * piety under Lugonu
   991 | D:1      | Reached skill level 3 in Axes
  1404 | D:2      | Reached XP level 3. HP: 31/31 MP: 4/4
  1538 | D:2      | Found a faded altar of an unknown god.
  1538 | D:2      | Noticed Jessica
  1541 | D:2      | Killed Jessica
  1654 | D:2      | Found a shadowy altar of Dithmenos.
  2040 | D:2      | Reached XP level 4. HP: 37/37 MP: 5/5
  2311 | D:3      | Reached skill level 4 in Axes
  2312 | D:3      | Found a sparkling altar of Nemelex Xobeh.
  2430 | D:3      | Noticed Grinder
  2437 | D:3      | Killed from afar by Grinder

Illustrated notes

Levels and vault maps discovered:
D:1:      mainiacjoe_arrival_reflecting_pool, layout_basic
D:2:      layout_basic, basic_altar,
          hellmonk_ecumenical_altar_pennies_from_heaven, uniq_jessica
D:3:      layout_rooms, nicolae_overflow_hidden_temple,
          overflow_temple_1_default, lemuel_coloured_pillars_altar, uniq_grinder

Skill      XL: |  1  2  3  4 |
---------------+-------------+-----
Armour         | 2 |  2.5
Axes           | 3 4 |  4.1
Fighting       | |  3.0
Dodging        | |  0.7
Invocations    | |  2.0

Action                   |  1- 3 |  4- 6 || total
-------------------------+-------+-------++-------
Melee: Hand axe          |    78 |    38 ||   116
       Tailslap          |     9 |     2 ||    11
Invok: Depart the Abyss  |     1 |       ||     1
 Abil: Rolling Charge    |     3 |       ||     3
  Use: Potion            |       |     1 ||     1
Armor: Leather armour    |    19 |       ||    19
       Ring mail         |    15 |     6 ||    21
Dodge: Dodged            |    43 |    28 ||    71

Table legend: (Time is in decaauts)
 A = Elapsed time spent in this place.
 B = Non-inter-level travel time spent in this place.
 C = Inter-level travel time spent in this place.
 D = Time resting spent in this place.
 E = Time spent auto-exploring this place.
 F = Levels seen in this place.
 G = Mean time per level.
                   A        B        C        D        E       F      G
               +--------+--------+--------+--------+--------+-----+--------+
         Total |   2454 |   2351 |    103 |    229 |   1802 |   4 |  613.5 |
       Dungeon |   2399 |   2296 |    103 |    229 |   1783 |   3 |  799.7 |
         Abyss |     55 |     55 |      0 |      0 |     18 |   1 |   55.0 |
               +--------+--------+--------+--------+--------+-----+--------+

Top non-repeatable levels by time:
     D:1: 1352 daAuts
     D:2: 772 daAuts
     D:3: 274 daAuts
 Abyss:1: 55 daAuts
